 Dungeon Crawl Stone Soup version 0.21.1-1-g345015f (webtiles) character file.

64 Mgcat the Insei (level 3, 0/27 HPs)
             Began as a Demigod Transmuter on Feb 6, 2018.
             Succumbed to an adder's poison
             ... on level 2 of the Dungeon.
             The game lasted 00:03:44 (1453 turns).

Mgcat the Insei (Demigod Transmuter)                Turns: 1453, Time: 00:03:45

Health: 0/27       AC:  2    Str: 13    XL:     3   Next: 64%
Magic:  8/8        EV: 18    Int: 19    God:
Gold:   30         SH:  0    Dex: 21    Spells: 2/5 levels left

rFire    . . .     SeeInvis .   j - +2 hand axe (freeze)
rCold    . . .     Gourm    .   (no shield)
rNeg     . . .     Faith    .   b - +0 robe
rPois    .         Spirit   .   (no helmet)
rElec    .         Reflect  .   (no cloak)
rCorr    .         Harm     .   (no gloves)
MR       .....                  (no boots)
Stlth    +++.......             (no amulet)
HPRegen  0.09/turn              (no ring)
MPRegen  0.11/turn              (no ring)

@: agile, lethally poisoned (0 -> -5)
A: high mp 1
a: no special abilities


You were on level 2 of the Dungeon.
You were hungry.

You visited 1 branch of the dungeon, and saw 2 of its levels.

You collected 30 gold pieces.

Inventory:

Hand Weapons
 h - a +0 mace
   (You found it on level 1 of the Dungeon)
 j - a +2 hand axe of freezing (weapon)
   (You found it on level 1 of the Dungeon)
Missiles
 a - 23 arrows
Armour
 b - a +0 robe (worn)
Scrolls
 e - a scroll of immolation {unknown}
 f - 2 scrolls of identify {unknown}
 g - a scroll of fear {unknown}
 i - a scroll of noise {unknown}
 k - 2 scrolls of remove curse {unknown}
 l - a scroll of random uselessness {unknown}
Books
 c - a book of Changes
Comestibles
 d - 2 rations


   Skills:
 - Level 0.8 Fighting
 - Level 1.7 Dodging
 + Level 3.6 Unarmed Combat
 - Level 1.7 Spellcasting
 + Level 3.0 Transmutations


You had 2 spell levels left.
You knew the following spells:

 Your Spells              Type           Power        Failure   Level  Hunger
a - Beastly Appendage     Tmut           ##....       4%          1    #......
b - Sticks to Snakes      Tmut           ##......     8%          2    ###....


Dungeon Overview and Level Annotations

Branches:
Dungeon (2/15)


Innate Abilities, Weirdness & Mutations

You have an increased reservoir of magic. (+10% MP)


Message History

The adder is moderately wounded.
You hit the adder. You freeze the adder.
The adder is no longer moving slowly.
The bat barely misses you. The bat hits you but does no damage.
The adder barely misses you. x2
You hit the adder.
The adder seems to slow down.
You freeze the adder.
The adder is almost dead.
You hit the adder. You freeze the adder.
You kill the adder!
You feel sick. The bat hits you. The adder barely misses you.
You hit the adder. You freeze the adder.
You kill the adder!
The bat closely misses you.
You closely miss the bat.
You feel sick. The bat hits you but does no damage.
You barely miss the bat. You punch the bat.
The bat is moderately wounded.
The bat closely misses you. The bat hits you but does no damage. x2
You hit the bat. You freeze the bat.
You kill the bat!
You feel sick.
You feel sick.
You feel sick.
An adder comes into view.
You climb upwards.
You feel sick.
There is a stone staircase leading down here.
You feel sick.
You are no longer poisoned.
You are near starving!
HP restored.
Things that are here:
a jackal skeleton x2
Done exploring.
There is a stone staircase leading down here.
You climb downwards.
The adder hisses angrily.
There is a stone staircase leading up, spattered with blood here.
You closely miss the adder. The adder bites you.
You are poisoned.
The adder poisons you! The adder bites you.
You closely miss the adder.
You feel sick. The adder barely misses you. The adder misses you.
You hit the adder.
The adder seems to slow down.
You freeze the adder.
The adder is heavily wounded.
The adder bites you.
You closely miss the adder.
The adder is heavily wounded.
You feel sick. The adder bites you.
You are lethally poisoned!
The adder poisons you!
You hit the adder but do no damage.
The adder is heavily wounded.
* * * LOW HITPOINT WARNING * * *
You feel sick. The adder bites you.
* * * LOW HITPOINT WARNING * * *
You hit the adder. You freeze the adder.
You kill the adder!
Your Transmutations skill increases to level 3!
* * * LOW HITPOINT WARNING * * *
You feel sick.
It was a potion of agility.
You feel agile all of a sudden.
Okay, then.
Unknown command.
Unknown command.
Okay, then.
Unknown command.
Casting: Beastly Appendage
Confirm with . or Enter, or press ? or * to list all spells.
Okay, then.
Sorry, you're not good enough to have a special ability.
Casting: Beastly Appendage
Confirm with . or Enter, or press ? or * to list all spells.
Okay, then.
Unknown command.
Unknown command.
Unknown command.
A kobold comes into view. It is wielding a dagger.
* * * LOW HITPOINT WARNING * * *
You feel sick.
The kobold moves out of view.
Things that are here:
an adder corpse; a quokka skeleton You butcher the adder corpse.
* * * LOW HITPOINT WARNING * * *
You feel sick.
Things that are here:
a chunk of flesh {@w0}; a quokka skeleton Eat a chunk of flesh {@w0}? (ye/n/q)
You eat the chunk of flesh {@w0}.
This raw flesh tastes terrible.
You are feeling hungry.
Okay, then.
Unknown command.
Unknown command.
* * * LOW HITPOINT WARNING * * *
You feel sick.
* * * LOW HITPOINT WARNING * * *
You feel sick.
A goblin and a hobgoblin come into view.
You see here a scroll labeled MYKHOI ISHONG.
l - a scroll labeled MYKHOI ISHONG The hobgoblin shouts!
You hear a shout! x5
You die... g

#.. #g#..## .#....
....# .# ...##.#.#
#..##.#.#
#...#.#.####
##..........##
...#...@....(...##
.....(............#
..#...............#
#.......÷†......#
#.......)<÷....#
#..........#...##
.........########
.....##### ....


You could see a goblin (wandering).

Vanquished Creatures
  3 adders (D:2)
  A leopard gecko (D:1)
  A ball python (D:1)
  2 giant cockroaches
  2 goblins (D:1)
  8 hobgoblins
  3 jackals (D:1)
  2 kobolds (D:1)
  2 quokkas (D:2)
  2 bats
  8 rats
34 creatures vanquished.

Notes
Turn   | Place    | Note
-------+----------+-------------------------------------------
     0 | D:1      | Mgcat the Demigod Transmuter began the quest for the Orb.
     0 | D:1      | Reached XP level 1. HP: 15/15 MP: 5/5
   122 | D:1      | Reached skill level 2 in Transmutations
   202 | D:1      | Reached skill level 3 in Unarmed Combat
   267 | D:1      | HP: 3/15 [hobgoblin/club (7)]
   268 | D:1      | HP: 1/15 [hobgoblin/club (2)]
   546 | D:1      | Reached XP level 2. HP: 19/22 MP: 7/7
   586 | D:1      | Learned a level 2 spell: Sticks to Snakes
  1151 | D:2      | Reached XP level 3. HP: 18/27 MP: 8/8
  1442 | D:2      | HP: 5/27 [adder (3)]
  1443 | D:2      | Reached skill level 3 in Transmutations
  1446 | D:2      | HP: 2/27 [poisoned by an adder]
  1453 | D:2      | Succumbed to an adder's poison

Skill      XL: |  1  2  3 |
---------------+----------+-----
Transmutations | 2 3 |  3.0
Unarmed Combat | 3 |  3.6
Fighting       | |  0.8
Dodging        | |  1.7
Spellcasting   | |  1.7

Action                   || total
-------------------------++-------
Melee: Unarmed           ||    16
       Mace              ||    20
       Headbutt          ||     1
       Hand axe          ||    51
       Punch             ||     1
 Cast: Beastly Appendage ||     3
  Use: Potion            ||     1
 Stab: Sleeping          ||     2
  Eat: Chunk             ||     1
Armor: Robe              ||    19
Dodge: Dodged            ||    72

Vault maps used:
D:1:      minmay_arrival_four_circles
D:2:      first_ration, minmay_crystal_room, minmay_three_crescents, uniq_robin

Table legend:
 A = Turns spent in this place as a percentage of turns spent in the entire game.
 B = Non-inter-level travel turns spent in this place as a percentage of non-inter-level travel turns spent in the entire game.
 C = Inter-level travel turns spent in this place as a percentage of turns spent in this place.
 D = Turns resting spent in this place as a percentage of non-inter-level travel turns spent in this place.
 E = Turns spent auto-exploring this place as a percentage of non-inter-level travel turns spent in this place.
 F = Non-inter-level travel turns spent in this place divided by the number of levels of this place that you've seen.
                   A       B       C       D       E      F
               +-------+-------+-------+-------+-------+----------------------
         Total | 100.0 | 100.0 |   1.2 |   8.2 |  74.9 | 718.0
       Dungeon | 100.0 | 100.0 |   1.2 |   8.2 |  74.9 | 718.0
               +-------+-------+-------+-------+-------+----------------------

Table legend:
 A = Kills in this place as a percentage of kills in entire the game.
 B = Kills by you in this place as a percentage of kills by you in the entire game.
 C = Kills by friends in this place as a percentage of kills by friends in the entire game.
 D = Other kills in this place as a percentage of other kills in the entire game.
 E = Experience gained in this place as a percentage of experience gained in the entire game.
 F = Experience gained in this place divided by the number of levels of this place that you have seen.
                   A       B       C       D       E      F
               +-------+-------+-------+-------+-------+----------------------
         Total | 100.0 | 100.0 |   N/A |   N/A | 100.0 |  46.0
       Dungeon | 100.0 | 100.0 |   N/A |   N/A | 100.0 |  46.0
               +-------+-------+-------+-------+-------+----------------------
